 Dungeon Crawl Stone Soup version 0.29.0-4-gdea44cf6ec (webtiles) character file.

Game seed: 14797610790682936847

11403 qw the Severer (level 11, -2/102 HPs)
             Began as a Minotaur Berserker on Sept 6, 2022.
             Was an Elder of Trog.
             Slain by a yak (5 damage)
             ... led by a torpor snail
             ... while paralysed
             ... on level 2 of the Lair of Beasts.
             The game lasted 00:03:18 (11175 turns).

qw the Severer (Minotaur Berserker)                Turns: 11175, Time: 00:03:19

Health: -2/102     AC: 16    Str: 30      XL:     11   Next: 48%
Magic:  10/10      EV:  2    Int:  0 (1)  God:    Trog [****..]
Gold:   625        SH:  0    Dex: 10      Spells: 10/10 levels left

rFire   + . .      SeeInvis +   i - +3 war axe of Putrescence {vorpal, rElec rCorr Str+4 Int-3}
rCold   + . .      Faith    .   (no shield)
rNeg    . . .      Spirit   .   k - +0 chain mail
rPois   .          Reflect  .   (helmet unavailable)
rElec   +          Harm     .   f - scarf {rC+ rF+}
rCorr   +          Rampage  .   t - +0 pair of gloves
Will    .....                   m - +1 pair of boots
Stlth   ..........              (no amulet)
HPRegen 0.27/turn               d - +4 ring of evasion
MPRegen 0.12/turn               q - ring of see invisible

@: paralysed, lethally poisoned (-2 -> -12), frozen, on berserk cooldown,
slowed, lost intelligence, unable to read, very slow
A: horns 3, retaliatory headbutt, iridescent scales 1, deterioration 1
a: Renounce Religion, Berserk, Trog's Hand, Brothers in Arms


You were on level 2 of the Lair of Beasts.
You worshipped Trog.
Trog was greatly pleased with you.
You visited 2 branches of the dungeon, and saw 10 of its levels.

You collected 625 gold pieces.


Innate Abilities, Weirdness & Mutations

You have a pair of large horns on your head.
You reflexively headbutt those who attack you in melee.
You are partially covered in iridescent scales. (AC +2)
Your body sometimes deteriorates upon taking damage.


   Skills:
 - Level 11.1 Fighting
 - Level 16.0 Axes
 - Level 4.8 Throwing
 + Level 8.4 Armour
 - Level 4.4 Dodging


You had 10 spell levels left.
You didn't know any spells.
Your spell library was empty.

Inventory:

Hand Weapons
 i - the +3 war axe of Putrescence (weapon) {vorpal, rElec rCorr Str+4 Int-3}
   (You found it on level 2 of the Dungeon)

   It inflicts extra damage upon your enemies.
   Str:       It affects your strength (+4).
   Int:       It affects your intelligence (-3).
   rElec:     It insulates you from electricity.
   rCorr:     It protects you from acid and corrosion.
 u - a +2 hand axe of flaming
Missiles
 g - 7 boomerangs (quivered)
Armour
 f - a scarf of resistance (worn)
 k - a +0 chain mail (worn)
 m - a +1 pair of boots (worn)
 t - a +0 pair of gloves (worn)
Jewellery
 d - a +4 ring of evasion (left hand)
 q - a ring of see invisible (right hand)
 r - a +6 ring of strength
Scrolls
 a - a scroll of identify
 e - 5 scrolls of teleportation
Potions
 b - a potion of might
 c - a potion of lignification {unknown}
 h - 2 potions of mutation
 j - a potion of haste
 l - a potion of curing

Dungeon Overview and Level Annotations

Branches:
Dungeon (8/15)             Temple (0/1) D:4            Lair (2/5) D:8
  Swamp: Lair:2-3    Shoals: Lair:2-3     Snake: Lair:2-3    Spider: Lair:2-3

Altars:
Makhleb
Nemelex Xobeh
Trog
Uskayaw
Vehumet
The Shining One

Annotations:
D:2 1 runed translucent door, Crazy Yiuf
D:6 1 runed translucent door, qw's ghost, novice MiFi


Message History

You feel sick. The yak closely misses you. You furiously retaliate!
You headbutt the yak!
A blink frog comes into view.
The yak closely misses you.
Your Fighting skill increases to level 11!
You closely miss the yak. Your headbutt misses the yak.
The yak is almost dead.
You slash the cane toad! You slice the yak!!
You kill the yak!
Trog accepts your kill.
The sentinel's mark upon you fades away.
You feel sick.
You are no longer poisoned.
The cane toad stings you but does no damage.
A blink frog comes into view.
The yak gores you!
You slash the yak!
You kill the yak!
Trog accepts your kill.
You barely miss the cane toad. You slash the yak!
A rime drake comes into view.
The blink frog blinks!
The cane toad stings you!
You are poisoned.
The cane toad poisons you!
You barely miss the yak.
The yak is moderately wounded.
You hit the cane toad. You hit the yak but do no damage.
You feel very sick. The cane toad closely misses you. The yak misses you.
You furiously retaliate!
You headbutt the yak. The rime drake breathes ice at you.
The flash freeze hits you! You partially resist.
You are encased in ice.
The yak gores you!
Your body deteriorates!
You feel dopey.
You have lost your intelligence.
The blink frog blinks!
The cane toad stings you but does no damage.
You feel very sick. The yak gores you.
You die...

...## #...## ....##
#######...####
.##...#.#...##.##
........F.......#
.8..>..8FF...8.ยค##
..k....@YFF......#
.##...#Y#F%.#.%..#
##. ###...#.%.## #
#..%...#..##
##...###...# ....##
#..## .....# #..#
#(<.## .... ####
..#..


You could see 2 yaks, a cane toad, 5 blink frogs and a rime drake.

Vanquished Creatures
  Erica (Lair:1)
  4 elephants (Lair:2)
  4 cane toads
  A black mamba (Lair:2)
  2 komodo dragons (Lair:2)
  7 blink frogs
  Grinder (D:5)
  2 hornets (D:8)
  13 yaks
  2 basilisks (Lair:1)
  3 water moccasins
  2 sky beasts (D:7)
  4 ice beasts
  An ogre (D:5)
  5 wolves (Lair:1)
  A centaur (D:8)
  2 phantoms
  7 bullfrogs
  2 scorpions
  6 wights
  An electric eel (D:8)
  A crimson imp (D:5)
  3 jellies
  5 orc priests
  3 hounds
  2 iguanas (D:6)
  Jessica (D:2)
  9 orc wizards
  Robin (D:3)
  10 adders
  2 shadow imps (D:6)
  A white imp (D:7)
  3 ufetubi
  3 worms
  6 dart slugs
  34 orcs
  5 ball pythons
  4 bats
  10 endoplasms
  2 giant cockroaches
  19 goblins
  15 hobgoblins
  6 jackals
  7 kobolds
  6 quokkas
  3 frilled lizards
  8 rats
240 creatures vanquished.

Vanquished Creatures (others)
  A bush (Lair:2)
  32 fungi
  17 plants
50 creatures vanquished.

Grand Total: 290 creatures vanquished

Notes
Turn   | Place    | Note
-------+----------+-------------------------------------------
     0 | D:1      | qw the Minotaur Berserker began the quest for the Orb.
     0 | D:1      | Reached XP level 1. HP: 19/19 MP: 0/0
     0 | D:1      | 0 ||| qw: Version: 0.1-a-107-g9ff403c
     0 | D:1      | 0 ||| qw: Game counter: 6057
     0 | D:1      | 0 ||| qw: Always use a shield: true
     0 | D:1      | 0 ||| qw: Do Orc after D:15 true
     0 | D:1      | 0 ||| qw: Do second Lair branch before Depths: true
     0 | D:1      | 0 ||| qw: Lair rune preference: random
     0 | D:1      | 0 ||| qw: Plans: Normal
     0 | D:1      | 0 ||| PLANNING D:1-11
   167 | D:1      | Reached skill level 4 in Axes
   308 | D:1      | Found a faded altar of an unknown god.
   325 | D:1      | Reached XP level 2. HP: 26/26 MP: 1/1
   326 | D:1      | 326 ||| Stepping ~*~*~tactically~*~*~ (stealth).
   540 | D:1      | 540 ||| Stepping ~*~*~tactically~*~*~ (stealth).
   630 | D:1      | Reached skill level 5 in Axes
   680 | D:1      | Reached XP level 3. HP: 31/31 MP: 2/2
  1046 | D:1      | Reached skill level 1 in Throwing
  1170 | D:1      | Reached ** piety under Trog
  1343 | D:1      | 1343 ||| UPGRADING to +0 ring mail.
  1353 | D:1      | 1353 ||| DROPPING +0 animal skin.
  1354 | D:1      | 1354 ||| READING scroll labelled BEJUN UMIOB GEIGIW.
  1355 | D:1      | 1355 ||| READING scroll labelled KORIER KAOR ZYE.
  1356 | D:1      | 1356 ||| READING scroll labelled GUNAEN ELELL.
  1357 | D:1      | 1357 ||| READING scroll labelled NEATHI RAPLO.
  1358 | D:1      | 1358 ||| READING scroll labelled TIAGHYNAST.
  1521 | D:2      | 1521 ||| Stepping ~*~*~tactically~*~*~ (stealth).
  1523 | D:2      | 1523 ||| Stepping ~*~*~tactically~*~*~ (hiding).
  1526 | D:2      | 1526 ||| Stepping ~*~*~tactically~*~*~ (hiding).
  1763 | D:2      | Identified the +3 war axe of Putrescence {vorpal, rElec
                  | rCorr Str+4 Int-3}
  1765 | D:2      | 1765 ||| SWAPPING to +3 war axe of Putrescence {vorpal,
                  | rElec rCorr Str+4 Int-3}.
  1766 | D:2      | 1766 ||| DROPPING +0 hand axe.
  2044 | D:2      | 2044 ||| Stepping ~*~*~tactically~*~*~ (hiding).
  2125 | D:2      | 2125 ||| Stepping ~*~*~tactically~*~*~ (stealth).
  2234 | D:2      | Found a sparkling altar of Nemelex Xobeh.
  2357 | D:2      | Found a runed translucent door.
  2362 | D:2      | Noticed Crazy Yiuf
  2364 | D:2      | 2364 ||| DROPPING +0 club.
  2368 | D:2      | 2368 ||| DROPPING +0 hammer.
  2390 | D:2      | Noticed Jessica
  2397 | D:2      | 2397 ||| FLEEEEING.
  2398 | D:2      | 2398 ||| FLEEEEING.
  2399 | D:2      | 2399 ||| FLEEEEING.
  2400 | D:2      | 2400 ||| FLEEEEING.
  2413 | D:2      | 2413 ||| FLEEEEING.
  2418 | D:2      | 2418 ||| FLEEEEING.
  2419 | D:2      | 2419 ||| FLEEEEING.
  2420 | D:2      | 2420 ||| FLEEEEING.
  2421 | D:2      | 2421 ||| FLEEEEING.
  2424 | D:2      | 2424 ||| FLEEEEING.
  2425 | D:2      | 2425 ||| FLEEEEING.
  2426 | D:2      | 2426 ||| FLEEEEING.
  2427 | D:2      | 2427 ||| FLEEEEING.
  2428 | D:2      | 2428 ||| FLEEEEING.
  2429 | D:2      | 2429 ||| FLEEEEING.
  2434 | D:2      | 2434 ||| FLEEEEING.
  2435 | D:2      | 2435 ||| FLEEEEING.
  2437 | D:2      | 2437 ||| STAIRDANCE
  2494 | D:1      | 2494 ||| UPGRADING to +4 ring of evasion.
  2495 | D:1      | 2495 ||| READING scroll labelled AROTZOONOX.
  2496 | D:1      | 2496 ||| READING 5 scrolls of identify.
  2496 | D:1      | 2496 ||| IDENTIFYING red potion
  2497 | D:1      | 2497 ||| READING 4 scrolls of identify.
  2497 | D:1      | 2497 ||| IDENTIFYING fuming sapphire potion
  2498 | D:1      | 2498 ||| READING 3 scrolls of identify.
  2498 | D:1      | 2498 ||| IDENTIFYING puce potion
  2499 | D:1      | 2499 ||| DROPPING potion of brilliance.
  2502 | D:2      | 2502 ||| Stepping ~*~*~tactically~*~*~ (hiding).
  2507 | D:2      | Killed Jessica
  2508 | D:2      | Reached skill level 6 in Axes
  2508 | D:2      | Reached XP level 4. HP: 37/39 MP: 3/3
  2756 | D:2      | 2756 ||| UPGRADING to +0 scale mail.
  2766 | D:2      | 2766 ||| DROPPING +0 ring mail.
  2767 | D:2      | 2767 ||| READING 3 scrolls of identify.
  2767 | D:2      | 2767 ||| IDENTIFYING black potion
  2795 | D:3      | 2795 ||| INVOKING Berserk.
  2799 | D:3      | Reached XP level 5. HP: 45/45 MP: 4/4
  2801 | D:3      | 2801 ||| STAIRDANCE
  2936 | D:3      | Identified the +2 ring mail of Going Fast {Harm rElec
                  | rCorr}
  3002 | D:3      | 3002 ||| Stepping ~*~*~tactically~*~*~ (stealth).
  3007 | D:3      | Reached skill level 7 in Axes
  3190 | D:3      | 3190 ||| Stepping ~*~*~tactically~*~*~ (stealth).
  3224 | D:3      | 3224 ||| Stepping ~*~*~tactically~*~*~ (hiding).
  3225 | D:3      | 3225 ||| Stepping ~*~*~tactically~*~*~ (hiding).
  3227 | D:3      | 3227 ||| Stepping ~*~*~tactically~*~*~ (hiding).
  3397 | D:3      | Noticed Robin
  3403 | D:3      | 3403 ||| INVOKING Berserk.
  3404 | D:3      | Killed Robin
  3407 | D:3      | Reached *** piety under Trog
  3737 | D:3      | 3737 ||| Stepping ~*~*~tactically~*~*~ (stealth).
  3809 | D:3      | 3809 ||| DROPPING +3 hammer.
  3965 | D:3      | 3965 ||| INVOKING Berserk.
  3974 | D:3      | Reached XP level 6. HP: 52/52 MP: 5/5
  4112 | D:3      | 4112 ||| UPGRADING to scarf of resistance.
  4117 | D:3      | 4117 ||| UPGRADING to +0 chain mail.
  4127 | D:3      | 4127 ||| DROPPING +0 scale mail.
  4128 | D:3      | 4128 ||| DROPPING +2 ring mail of Going Fast {Harm rElec
                  | rCorr}.
  4129 | D:3      | 4129 ||| READING 3 scrolls of identify.
  4129 | D:3      | 4129 ||| IDENTIFYING bubbling clear potion
  4130 | D:3      | 4130 ||| READING 2 scrolls of identify.
  4130 | D:3      | 4130 ||| IDENTIFYING metallic ruby potion
  4131 | D:3      | 4131 ||| DROPPING potion of flight.
  4150 | D:4      | 4150 ||| PLANNING SEWER
  4176 | D:4      | Found a staircase to the Ecumenical Temple.
  4251 | D:4      | 4251 ||| INVOKING Berserk.
  4253 | D:4      | Reached skill level 8 in Axes
  4386 | D:4      | 4386 ||| Stepping ~*~*~tactically~*~*~ (hiding).
  4587 | D:4      | Reached skill level 9 in Axes
  4613 | D:4      | Found a glowing drain.
  4623 | D:4      | 4623 ||| READING 2 scrolls of teleportation.
  4677 | D:4      | 4677 ||| Stepping ~*~*~tactically~*~*~ (stealth).
  4778 | D:4      | 4778 ||| RIP SEWER
  4784 | D:4      | 4784 ||| PLANNING D:1-11
  4904 | D:4      | 4904 ||| INVOKING Berserk.
  4907 | D:4      | Reached XP level 7. HP: 60/60 MP: 6/6
  5100 | D:4      | 5100 ||| Stepping ~*~*~tactically~*~*~ (stealth).
  5101 | D:4      | 5101 ||| Stepping ~*~*~tactically~*~*~ (hiding).
  5451 | D:5      | Entered Level 5 of the Dungeon
  5513 | D:5      | Reached skill level 3 in Armour
  5668 | D:5      | Noticed Grinder
  5671 | D:5      | 5671 ||| INVOKING Trog's Hand.
  5675 | D:5      | 5675 ||| INVOKING Berserk.
  5677 | D:5      | Killed Grinder
  5678 | D:5      | Reached skill level 10 in Axes
  5784 | D:5      | Found a glowing golden altar of the Shining One.
  5807 | D:5      | Found a bloodstained altar of Trog.
  5918 | D:5      | Reached XP level 8. HP: 68/68 MP: 7/7
  5932 | D:5      | Found a burning altar of Makhleb.
  5932 | D:5      | Found a radiant altar of Vehumet.
  6111 | D:5      | Identified the +4 ring mail of Moral Flaws {Harm Str+3}
  6167 | D:5      | Reached skill level 6 in Fighting
  6379 | D:5      | 6379 ||| UPGRADING to +1 pair of boots.
  6384 | D:5      | 6384 ||| DROPPING +4 ring mail of Moral Flaws {Harm Str+3}.
  6385 | D:5      | 6385 ||| READING 2 scrolls labelled NIOCOD NUMITZ.
  6486 | D:5      | 6486 ||| DRINKING 2 murky golden potions.
  6486 | D:5      | Gained mutation: Your body sometimes deteriorates upon
                  | taking damage. [potion of mutation]
  6486 | D:5      | Gained mutation: You have a pair of large horns on your
                  | head. [potion of mutation]
  6486 | D:5      | Gained mutation: You are partially covered in iridescent
                  | scales. (AC +2) [potion of mutation]
  6487 | D:5      | 6487 ||| DRINKING 2 green potions.
  6488 | D:5      | 6488 ||| DROPPING scroll of silence.
  6608 | D:6      | Found a runed translucent door.
  6608 | D:6      | Noticed qw's ghost (novice MiFi)
  6639 | D:6      | 6639 ||| DRINKING potion of curing.
  6639 | D:6      | 6639 ||| (to cure confusion)
  6642 | D:6      | Reached **** piety under Trog
  6644 | D:6      | 6644 ||| INVOKING Berserk.
  6817 | D:6      | 6817 ||| Stepping ~*~*~tactically~*~*~ (stealth).
  6823 | D:6      | Reached skill level 11 in Axes
  6823 | D:6      | 6823 ||| FLEEEEING.
  6824 | D:6      | 6824 ||| Stepping ~*~*~tactically~*~*~ (stealth).
  7555 | D:6      | 7555 ||| UPGRADING to +0 pair of gloves.
  7560 | D:6      | 7560 ||| READING scroll labelled ZARGHI ZIMPENI.
  7561 | D:6      | 7561 ||| READING 2 scrolls of identify.
  7561 | D:6      | 7561 ||| IDENTIFYING fuming ruby potion
  7562 | D:6      | 7562 ||| DROPPING potion of berserk rage.
  7624 | D:7      | Reached skill level 12 in Axes
  7645 | D:7      | 7645 ||| INVOKING Berserk.
  7665 | D:7      | 7665 ||| Stepping ~*~*~tactically~*~*~ (stealth).
  7666 | D:7      | 7666 ||| Stepping ~*~*~tactically~*~*~ (stealth).
  7833 | D:7      | 7833 ||| Stepping ~*~*~tactically~*~*~ (hiding).
  7840 | D:7      | 7840 ||| INVOKING Berserk.
  7928 | D:7      | 7928 ||| Stepping ~*~*~tactically~*~*~ (hiding).
  7939 | D:7      | Reached XP level 9. HP: 78/78 MP: 8/8
  7959 | D:7      | Found a hide-covered altar of Uskayaw.
  8198 | D:7      | 8198 ||| Stepping ~*~*~tactically~*~*~ (hiding).
  8202 | D:7      | 8202 ||| INVOKING Berserk.
  8320 | D:7      | 8320 ||| DROPPING +0 flail.
  8714 | D:7      | 8714 ||| UPGRADING to ring of see invisible.
  8715 | D:7      | 8715 ||| READING 2 scrolls labelled QOHATT JAPT.
  8716 | D:7      | 8716 ||| READING scroll labelled PUMEVA VOFFESO.
  8717 | D:7      | 8717 ||| READING scroll labelled LATO IRYQIREDO.
  8718 | D:7      | 8718 ||| DROPPING scroll of immolation.
  8736 | D:8      | Reached skill level 13 in Axes
  8814 | D:8      | 8814 ||| Stepping ~*~*~tactically~*~*~ (stealth).
  8838 | D:8      | 8838 ||| FLEEEEING.
  8839 | D:8      | 8839 ||| FLEEEEING.
  8840 | D:8      | 8840 ||| FLEEEEING.
  8846 | D:8      | 8846 ||| STAIRDANCE
  8928 | D:7      | 8928 ||| READING scroll labelled YSSYRUIDDEFE.
  8941 | D:8      | 8941 ||| Stepping ~*~*~tactically~*~*~ (stealth).
  8943 | D:8      | 8943 ||| Stepping ~*~*~tactically~*~*~ (stealth).
  9034 | D:8      | 9034 ||| FLEEEEING.
  9035 | D:8      | 9035 ||| FLEEEEING.
  9036 | D:8      | 9036 ||| FLEEEEING.
  9038 | D:8      | 9038 ||| FLEEEEING.
  9039 | D:8      | 9039 ||| FLEEEEING.
  9040 | D:8      | 9040 ||| FLEEEEING.
  9041 | D:8      | 9041 ||| FLEEEEING.
  9042 | D:8      | 9042 ||| FLEEEEING.
  9043 | D:8      | 9043 ||| FLEEEEING.
  9044 | D:8      | 9044 ||| FLEEEEING.
  9045 | D:8      | 9045 ||| FLEEEEING.
  9046 | D:8      | 9046 ||| FLEEEEING.
  9047 | D:8      | 9047 ||| FLEEEEING.
  9048 | D:8      | 9048 ||| FLEEEEING.
  9049 | D:8      | 9049 ||| FLEEEEING.
  9134 | D:8      | 9134 ||| INVOKING Berserk.
  9156 | D:8      | 9156 ||| Stepping ~*~*~tactically~*~*~ (stealth).
  9169 | D:8      | 9169 ||| FLEEEEING.
  9174 | D:8      | Paralysed by a hornet for 2 turns
  9177 | D:8      | Lost intelligence.
  9181 | D:8      | 9181 ||| SWAPPING to +2 hand axe of flaming.
  9186 | D:8      | Reached skill level 3 in Throwing
  9186 | D:8      | 9186 ||| SWAPPING to +3 war axe of Putrescence {vorpal,
                  | rElec rCorr Str+4 Int-3}.
  9427 | D:8      | Found a staircase to the Lair.
  9491 | D:8      | 9491 ||| Stepping ~*~*~tactically~*~*~ (stealth).
  9962 | D:8      | 9962 ||| PLANNING LAIR
  9962 | D:8      | 9962 ||| DRINKING 2 amethyst potions.
  9963 | D:8      | 9963 ||| READING 2 scrolls of identify.
  9963 | D:8      | 9963 ||| IDENTIFYING clear potion
  9964 | D:8      | 9964 ||| DROPPING potion of ambrosia.
  9965 | D:8      | 9965 ||| DROPPING potion of attraction.
  9997 | Lair:1   | Entered Level 1 of the Lair of Beasts
  9999 | Lair:1   | 9999 ||| INVOKING Berserk.
 10009 | Lair:1   | Reached skill level 14 in Axes
 10012 | Lair:1   | Reached skill level 3 in Dodging
 10020 | Lair:1   | Reached XP level 10. HP: 79/88 MP: 9/9
 10022 | Lair:1   | Reached skill level 6 in Armour
 10024 | Lair:1   | 10024 ||| DRINKING potion of cancellation.
 10032 | Lair:1   | HP: 22/88 [wolf (4)]
 10036 | Lair:1   | 10036 ||| READING 6 scrolls of teleportation.
 10037 | Lair:1   | 10037 ||| DRINKING potion of heal wounds.
 10253 | Lair:1   | Noticed Erica
 10254 | Lair:1   | 10254 ||| Stepping ~*~*~tactically~*~*~ (hiding).
 10255 | Lair:1   | 10255 ||| Stepping ~*~*~tactically~*~*~ (hiding).
 10258 | Lair:1   | 10258 ||| INVOKING Berserk.
 10261 | Lair:1   | Killed Erica
 10262 | Lair:1   | Reached skill level 15 in Axes
 10491 | Lair:1   | Noticed a cane toad
 10496 | Lair:1   | 10496 ||| INVOKING Berserk.
 10501 | Lair:1   | Killed a cane toad
 10502 | Lair:1   | Reached skill level 9 in Fighting
 10616 | Lair:1   | 10616 ||| Stepping ~*~*~tactically~*~*~ (stealth).
 10624 | Lair:1   | 10624 ||| Stepping ~*~*~tactically~*~*~ (stealth).
 10637 | Lair:1   | Reached skill level 16 in Axes
 10661 | Lair:1   | 10661 ||| Stepping ~*~*~tactically~*~*~ (stealth).
 10662 | Lair:1   | 10662 ||| Stepping ~*~*~tactically~*~*~ (stealth).
 10757 | Lair:1   | Noticed a cane toad
 10761 | Lair:1   | 10761 ||| INVOKING Berserk.
 10762 | Lair:1   | Killed a cane toad
 10953 | Lair:1   | You fall into a shaft and drop 1 floor!
 10953 | Lair:2   | Noticed an elephant
 10953 | Lair:2   | Noticed an elephant
 10953 | Lair:2   | Noticed an elephant
 10953 | Lair:2   | Noticed an elephant
 10956 | Lair:2   | Noticed a cane toad
 10960 | Lair:2   | Killed an elephant
 10961 | Lair:2   | Reached XP level 11. HP: 88/99 MP: 10/10
 10963 | Lair:2   | 10963 ||| INVOKING Berserk.
 11142 | Lair:2   | 11142 ||| INVOKING Berserk.
 11174 | Lair:2   | HP: 19/102 [rime drake/flash freeze (10)]
 11174 | Lair:2   | HP: 6/102 [yak[a torpor snail] (13)]
 11174 | Lair:2   | Lost intelligence.
 11175 | Lair:2   | Slain by a yak

Levels and vault maps discovered:
D:1:      psy_arrival_radial01, layout_loops_corners,
          shapermc_ecumenical_altar_rom_forum, minmay_tetromino_l2
D:2:      layout_basic, basic_altar, kennysheep_generic_room_6,
          uniq_crazy_yiuf_cottage, uniq_jessica
D:3:      layout_basic, uniq_robin
D:4:      layout_cave_pools, minmay_temple_entry_hall, serial_co_window_serial,
          co_window_corner_a, co_window_paths_a, co_window_paths_a,
          co_window_corner_a, co_window_paths_a, co_window_paths_a,
          co_window_paths_a, co_window_corner_ca, co_window_paths_c,
          co_window_unsneaky_path_c, co_window_corner_cb, co_window_corner_ca,
          co_window_corner_b, glass_columns_b, glass_columns_a, glass_columns_a,
          glass_columns_a, glass_columns_b, cheibrodos_sewer_entry_bend
D:5:      layout_basic, grunt_temple_overflow_lords_of_destruction,
          mainiacjoe_overflow_catch_the_wave, serial_curves, eino_curves_03,
          eino_curves_01, eino_curves_03, uniq_grinder
D:6:      layout_cave_pods, ebering_ghost_reflecting_pool,
          minmay_misc_feat_pillars
D:7:      layout_basic, general_overflow_altar
D:8:      layout_basic, dpeg_oklobed_lair, kennysheep_dice
Lair:1:   layout_cave_pods, grunt_megastairs_4, uniq_fannar, uniq_erica
Lair:2:   layout_loops_ring, minmay_shoals_entry_hut, grunt_megastairs_5,
          infiniplex_staircase_pool_2, uniq_amaemon

Skill      XL: |  1  2  3  4  5  6  7  8  9 10 11 |
---------------+----------------------------------+-----
Axes           | 4 5 6 7 9 10 12 14 16 | 16.0
Throwing       | 1 2 3 4 |  4.8
Fighting       | 4 5 6 8 9 11 | 11.1
Armour         | 3 4 5 7 8 |  8.4
Dodging        | 3 4 |  4.4

Action                   |  1- 3 |  4- 6 |  7- 9 | 10-12 || total
-------------------------+-------+-------+-------+-------++-------
Melee: Hand axe          |    47 |       |     4 |       ||    51
       Headbutt          |     4 |     8 |    23 |    16 ||    51
       War axe           |    16 |    56 |   179 |    91 ||   342
       Punch             |       |       |     3 |     1 ||     4
Throw: Javelin           |    43 |    44 |    32 |     6 ||   125
       Boomerang         |       |     8 |    42 |    12 ||    62
Invok: Berserk           |       |     5 |     7 |     5 ||    17
       Trog's Hand       |       |       |     1 |       ||     1
  Use: Scroll            |     9 |     4 |     8 |     1 ||    22
       Potion            |       |       |     4 |     2 ||     6
Armor: Animal skin       |     6 |       |       |       ||     6
       Ring mail         |     6 |       |       |       ||     6
       Scale mail        |       |     3 |       |       ||     3
       Chain mail        |       |       |    64 |    43 ||   107
Dodge: Dodged            |    28 |    27 |    82 |    56 ||   193

Table legend:
 A = Non-vault XP
 B = Vault XP
 C = Vault XP percentage of total XP
 D = Non-vault monster count
 E = Vault monster count
 F = Vault count percentage of total count
                 A         B        C        D         E       F
            +---------+---------+-------+---------+---------+-------
      Total |   12807 |    3484 |  21.4 |     208 |      32 |  13.3
            +---------+---------+-------+---------+---------+-------
        D:1 |      51 |       4 |   7.3 |      27 |       2 |   6.9
        D:2 |      56 |      43 |  43.4 |      20 |       3 |  13.0
        D:3 |     199 |      39 |  16.4 |      29 |      13 |  31.0
        D:4 |     433 |      10 |   2.3 |      25 |       2 |   7.4
        D:5 |     441 |     315 |  41.7 |      13 |       2 |  13.3
        D:6 |     819 |       0 |   0.0 |      25 |       0 |   0.0
        D:7 |    1048 |       0 |   0.0 |      26 |       0 |   0.0
        D:8 |    1088 |     152 |  12.3 |       7 |       2 |  22.2
     Lair:1 |    4893 |    1027 |  17.3 |      25 |       2 |   7.4
     Lair:2 |    3779 |    1894 |  33.4 |      11 |       6 |  35.3
            +---------+---------+-------+---------+---------+-------
